 Dungeon Crawl Stone Soup version 0.27.1-16-g815e20cd7a (webtiles) character file.

Game seed: 18184645130474177235

9761 bellerephron the Cleaver (level 11, 0/84 HPs)
             Began as a Demonspawn Berserker on Nov 22, 2021.
             Was a High Priest of Trog.
             Slain by a boulder beetle (15 damage)
             ... on level 11 of the Dungeon.
             The game lasted 00:24:00 (11828 turns).

bellerephron the Cleaver (Demonspawn Berserker)    Turns: 11828, Time: 00:24:01

Health: 0/84       AC: 16    Str: 21    XL:     11   Next: 27%
Magic:  11/11      EV:  7    Int: 15    God:    Trog [*****.]
Gold:   562        SH:  0    Dex: 12    Spells: 10/10 levels left

rFire    . . .     SeeInvis .   b - +5 war axe (drain)
rCold    . . .     Faith    .   (no shield)
rNeg     . . .     Spirit   .   p - +0 plate armour
rPois    .         Reflect  .   (helmet restricted)
rElec    .         Harm     .   k - +2 cloak
rCorr    .         Rampage  .   (no gloves)
Will     .....                  (no boots)
Stlth    ..........             B - amulet of the acrobat
HPRegen  0.24/turn              v - +6 ring of intelligence
MPRegen  0.12/turn              C - ring of flight

@: on berserk cooldown, flying, very slightly contaminated, slowed, studying
Crossbows, invisible, very slow
A: horns 1, demonic guardian 2, foul stench 2
a: Renounce Religion, Berserk, Trog's Hand, Brothers in Arms


You were on level 11 of the Dungeon.
You worshipped Trog.
Trog was extremely pleased with you.
You visited 2 branches of the dungeon, and saw 12 of its levels.
You also visited: Ossuary.

You collected 562 gold pieces.

Inventory:

Hand Weapons
 a - a +0 hand axe of flaming
 b - a +5 war axe of draining (weapon)
Missiles
 c - 412 stones
 j - 6 atropa-tipped darts
 o - 15 poisoned darts (quivered)
 q - a throwing net
 x - a curare-tipped dart
 F - 3 datura-tipped darts
Armour
 k - a +2 cloak (worn)
 p - a +0 plate armour (worn)
 t - +0 acid dragon scales
 y - the +5 ring mail of a Labyrinth {+Blink}
   (You found it on level 7 of the Dungeon)

   +Blink:    It lets you blink.
 D - +0 steam dragon scales
 G - a scarf of resistance
Jewellery
 v - a +6 ring of intelligence (left hand)
 B - an amulet of the acrobat (around neck)
 C - a ring of flight (right hand)
Wands
 e - a wand of iceblast (46)
 w - a wand of flame (16)
 E - a wand of mindburst (16)
Scrolls
 g - 3 scrolls of blinking
 h - 4 scrolls of teleportation
 i - 5 scrolls of immolation
 m - a scroll of silence
 n - 3 scrolls of enchant weapon
 s - a scroll of brand weapon
 z - a scroll of torment {unknown}
 A - a scroll of fog
 H - a scroll of noise {unknown}
 I - a scroll of enchant armour {unknown}
Potions
 d - 4 potions of curing
 f - a potion of resistance {unknown}
 l - a potion of haste
 r - 2 potions of heal wounds
 u - a potion of invisibility
 J - a potion of cancellation {unknown}


   Skills:
 + Level 7.6 Fighting
 + Level 11.9 Axes
 + Level 2.3 Throwing
 + Level 7.6 Armour
 + Level 3.0 Dodging
 * Level 4.2 Evocations


You had 10 spell levels left.
You didn't know any spells.
Your spell library was empty.

Dungeon Overview and Level Annotations

Branches:
Dungeon (11/15)            Temple (1/1) D:4            Lair (0/6) D:11
Ossuary (visited)
    Orc: D:9-12

Altars:
Ashenzari
Cheibriados
Dithmenos
Elyvilon
Fedhas
Gozag
Hepliaklqana
Kikubaaqudgha
Makhleb
Nemelex Xobeh
Okawaru
Qazlal
Ru
Sif Muna
Trog
Uskayaw
Vehumet
Wu Jian
Xom
Yredelemnul
Zin
The Shining One

Shops:
D:2 :

Annotations:
D:11 Josephine


Innate Abilities, Weirdness & Mutations

You have a pair of small horns on your head.
A demonic guardian rushes to your aid.
You sometimes emit foul miasma when damaged in melee.


Message History

Unknown command.
Unknown command.
You slash the boulder beetle!
The boulder beetle is moderately wounded.
You slash the vampire mosquito! You closely miss the vampire mosquito.
The vampire mosquito bites you but does no damage.
The vampire mosquito barely misses you. x2
The boulder beetle bites you but does no damage.
Unknown command.
Unknown command.
Unknown command.
Unknown command.
You hit the boulder beetle but do no damage.
The boulder beetle is lightly wounded.
You hit the vampire mosquito but do no damage.
You closely miss the vampire mosquito.
The vampire mosquito bites you but does no damage. x2
The vampire mosquito bites you.
* * * LOW HITPOINT WARNING * * *
The vampire mosquito draws strength from your injuries!
You emit a cloud of foul miasma!
The vampire mosquito bites you but does no damage.
The boulder beetle barely misses you.
The vampire mosquito bites you but does no damage. x2
Unknown command.
Unknown command.
Unknown command.
You catch the helpless boulder beetle completely off-guard!
You slash the boulder beetle! You drain the boulder beetle.
The boulder beetle is heavily wounded.
You hit the vampire mosquito but do no damage.
You catch the helpless vampire mosquito completely off-guard!
You hit the vampire mosquito.
The vampire mosquito bites you but does no damage.
The vampire mosquito bites you.
* * * LOW HITPOINT WARNING * * *
A demonic guardian appears!
The vampire mosquito draws strength from your injuries!
The boulder beetle bites you!
You die...

..............
.............
#........... ..
#.......... ...
#..††..#
....#.....#
......(y..##
.......yB3.#
......#y@###
......#.........
.>.......?......
................
#########.###...
## .. #.#.#..
....
#......##....
#.......#....


You could see a boulder beetle (drained, ally target), 3 vampire mosquitoes and
a friendly soul eater (summoned).

Vanquished Creatures
  Erica (D:10)
  2 two-headed ogres
  An orc knight (D:10)
  A cyclops (D:11)
  A manticore (D:10)
  A kobold demonologist (D:10)
  A rime drake (shapeshifter) (D:9)
  A troll (D:11)
  A wraith (D:6)
  A steam dragon (D:8)
  3 yaks (D:9)
  An acid dragon (D:10)
  7 water moccasins
  A black bear (D:4)
  4 orc warriors
  A sky beast (D:5)
  A necrophage (D:8)
  2 ogres
  3 centaurs
  A phantom (D:4)
  2 kobold brigands
  3 bullfrogs
  5 elf zombies (Ossuary)
  A gnoll sergeant (D:9)
  2 scorpions
  15 wights
  4 howler monkeys
  4 centaur zombies
  A human zombie (Ossuary)
  4 orc priests
  2 hounds
  2 jellies
  2 gnoll shamans
  A centaur skeleton (D:7)
  Natasha (D:2)
  3 iguanas
  8 orc wizards
  An ogre zombie (D:11)
  2 hound zombies (Ossuary)
  3 mummies (Ossuary)
  A howler monkey skeleton (D:6)
  12 gnolls
  6 adders
  A shadow imp (D:6)
  A white imp (D:6)
  4 adder zombies (Ossuary)
  2 worms
  3 dart slugs
  25 orcs
  9 ball pythons
  3 bats
  7 endoplasms
  4 giant cockroaches
  A gnoll zombie (Ossuary)
  6 goblins
  4 hobgoblins
  4 jackals (D:1)
  9 kobolds
  4 quokkas
  5 frilled lizards
  3 goblin zombies (Ossuary)
  8 hobgoblin zombies (Ossuary)
  3 jackal zombies (Ossuary)
  2 kobold zombies (Ossuary)
  An orc skeleton (D:11)
  3 orc zombies
  A quokka zombie (Ossuary)
  4 rats
  3 rat zombies (Ossuary)
240 creatures vanquished.

Vanquished Creatures (collateral kills)
  A yak (D:9)
  A centaur (D:6)
  3 gnolls
5 creatures vanquished.

Vanquished Creatures (others)
  6 plants (D:3)
6 creatures vanquished.

Grand Total: 251 creatures vanquished

Notes
Turn   | Place    | Note
-------+----------+-------------------------------------------
     0 | D:1      | bellerephron the Demonspawn Berserker began the quest for
                  | the Orb.
     0 | D:1      | Reached XP level 1. HP: 18/18 MP: 1/1
   106 | D:1      | Reached skill level 3 in Axes
   123 | D:1      | Gained mutation: You may rarely emit foul miasma when
                  | damaged in melee. [demonic ancestry]
   123 | D:1      | Reached XP level 2. HP: 24/24 MP: 2/2
   538 | D:1      | Gained mutation: You have a pair of small horns on your
                  | head. [demonic ancestry]
   538 | D:1      | Reached XP level 3. HP: 14/29 MP: 3/3
   897 | D:1      | Found a faded altar of an unknown god.
  1266 | D:2      | Reached ** piety under Trog
  1544 | D:2      | Reached XP level 4. HP: 35/35 MP: 4/4
  1585 | D:2      | Found Oguk's Book Shop.
  1768 | D:2      | Reached skill level 4 in Axes
  1782 | D:2      | Noticed Natasha
  1789 | D:2      | Killed Natasha
  2060 | D:3      | Gained mutation: You sometimes emit foul miasma when
                  | damaged in melee. [demonic ancestry]
  2060 | D:3      | Reached XP level 5. HP: 41/41 MP: 5/5
  3033 | D:4      | Reached *** piety under Trog
  3205 | D:4      | Found a staircase to the Ecumenical Temple.
  3213 | Temple   | Entered the Ecumenical Temple
  3566 | D:4      | Reached skill level 5 in Axes
  3569 | D:4      | Reached XP level 6. HP: 48/48 MP: 6/6
  3965 | D:4      | Gained mutation: A weak demonic guardian rushes to your
                  | aid. [demonic ancestry]
  3965 | D:4      | Reached XP level 7. HP: 27/54 MP: 7/7
  4457 | D:5      | Entered Level 5 of the Dungeon
  4628 | D:5      | Reached skill level 6 in Axes
  4847 | D:5      | Reached skill level 1 in Throwing
  4853 | D:5      | Reached XP level 8. HP: 61/61 MP: 8/8
  4944 | D:5      | Reached skill level 7 in Axes
  5362 | D:6      | Found a sand-covered staircase.
  5374 | Ossuary  | Entered an ossuary
  5730 | Ossuary  | Reached **** piety under Trog
  5773 | Ossuary  | Reached skill level 8 in Axes
  5774 | Ossuary  | Reached skill level 5 in Fighting
  6350 | D:6      | Reached XP level 9. HP: 68/68 MP: 9/9
  6399 | D:6      | Reached skill level 9 in Axes
  6757 | D:6      | Found a bloodstained altar of Trog.
  6776 | D:6      | Reached skill level 5 in Armour
  7466 | D:7      | Found a burning altar of Makhleb.
  7469 | D:7      | Found a basalt altar of Yredelemnul.
  7472 | D:7      | Found an iron altar of Okawaru.
  7475 | D:7      | Found a sparkling altar of Nemelex Xobeh.
  7854 | D:7      | Identified the +5 ring mail of a Labyrinth {+Blink}
  7923 | D:7      | Reached skill level 10 in Axes
  8647 | D:8      | Noticed a two-headed ogre
  8659 | D:8      | Killed a two-headed ogre
  8660 | D:8      | Reached XP level 10. HP: 57/77 MP: 10/10
  8868 | D:8      | Reached skill level 11 in Axes
  9068 | D:8      | Found a shimmering altar of Xom.
  9111 | D:9      | Reached skill level 1 in Evocations
  9901 | D:9      | Reached ***** piety under Trog
 10180 | D:10     | Entered Level 10 of the Dungeon
 10373 | D:10     | Noticed a manticore
 10381 | D:10     | Killed a manticore
 10510 | D:10     | Noticed a two-headed ogre
 10521 | D:10     | Killed a two-headed ogre
 10704 | D:10     | Noticed Erica
 10716 | D:10     | Killed Erica
 10852 | D:10     | Gained mutation: A demonic guardian rushes to your aid.
                  | [demonic ancestry]
 10852 | D:10     | Reached XP level 11. HP: 84/84 MP: 11/11
 11395 | D:11     | Noticed an orc knight
 11459 | D:10     | Killed an orc knight
 11804 | D:11     | Noticed Josephine
 11810 | D:11     | Found a staircase to the Lair.
 11816 | D:11     | Received a gift from Trog
 11817 | D:11     | Noticed a boulder beetle
 11828 | D:11     | Slain by a boulder beetle

Illustrated notes

Levels and vault maps discovered:
D:1:      dpeg_arrival_leaves_temple_mockup, layout_loops_ring,
          ebering_ecumenical_altar_petrified
D:2:      layout_rooms, serial_shops, nicolae_shop_statue_plus, uniq_natasha
D:3:      layout_loops_ring, serial_bayou_ford_a, kennysheep_generic_room_16
D:4:      layout_cave_pods, minmay_temple_entry_glassed_door
D:5:      layout_loops_ring, lightli_corner_chamber
D:6:      layout_basic, trog_butcher_becter, serial_curves, eino_curves_03,
          eino_curves_03, enter_ossuary_1
D:7:      layout_gridville, grunt_temple_overflow_cloverleaf, kennysheep_doodads
D:8:      layout_basic, kennysheep_mini_moat
D:9:      layout_roguey, mrwooster_statue_mirror
D:10:     layout_long_grid, uniq_erica
D:11:     layout_cave_pools, lair_entry_dummy, zombieorc1_lemuel, uniq_josephine
Temple:   nicolae_temple_elliptical

Skill      XL: |  1  2  3  4  5  6  7  8  9 10 11 |
---------------+----------------------------------+-----
Axes           | 3 4 5 6 8 10 11 | 11.9
Dodging        | 2 3 |  3.0
Armour         | 2 3 4 6 7 |  7.6
Fighting       | 4 5 6 7 |  7.6
Throwing       | 1 2 |  2.3
Evocations     | 3 4 |  4.2

Action                   |  1- 3 |  4- 6 |  7- 9 | 10-12 || total
-------------------------+-------+-------+-------+-------++-------
Melee: Hand axe          |    91 |   143 |   366 |    82 ||   682
       Headbutt          |     4 |    28 |    82 |    40 ||   154
       War axe           |       |       |       |    83 ||    83
Throw: Stone             |       |     4 |       |       ||     4
       Dart              |       |     9 |     4 |    17 ||    30
Invok: Berserk           |     1 |     5 |    12 |     9 ||    27
       Trog's Hand       |       |     1 |     3 |       ||     4
       Brothers in Arms  |       |       |     1 |       ||     1
Evoke: Wand              |       |     1 |     3 |     1 ||     5
  Use: Potion            |       |     1 |       |     2 ||     3
       Scroll            |       |       |    11 |     5 ||    16
 Stab: Sleeping          |     1 |       |       |       ||     1
       Invisible         |       |       |       |     4 ||     4
Armor: Animal skin       |     4 |       |       |       ||     4
       Ring mail         |    21 |    29 |       |       ||    50
       Plate armour      |       |    71 |   248 |   122 ||   441
Dodge: Dodged            |    47 |    70 |   119 |    89 ||   325
